 Dungeon Crawl Stone Soup version 0.30-a0-862-g1aabd4f9c5 (webtiles) character file.

Game seed: 5410380552623162232

389 qeuew the Trooper (level 6, -2/55 HPs)
             Began as a Barachi Fighter on Mar 8, 2023.
             Was a Follower of Nemelex Xobeh.
             Splashed by a jelly's acid (8 damage)
             ... on level 5 of the Dungeon.
             The game lasted 00:04:12 (3698 turns).

qeuew the Trooper (Barachi Fighter)                 Turns: 3698, Time: 00:04:15

Health: -2/55      AC: -3    Str: 20    XL:     6   Next: 79%
Magic:  6/6        EV: 10    Int:  8    God:    Nemelex Xobeh [*.....]
Gold:   296        SH:  9    Dex: 17    Spells: 5/5 levels left

rFire   . . .      SeeInvis .    a - +0 flail
rCold   . . .      Faith    .    c - +0 buckler
rNeg    . . .      Spirit   .    b - +1 scale mail
rPois   .          Reflect  .    (no helmet)
rElec   .          Rampage  .    (no cloak)
rCorr   .                        (no gloves)
Will    +....                    (no boots) Stlth
                                 (no amulet)
HPRegen 0.29/turn                e - ring of willpower
MPRegen 0.10/turn                k - +6 ring of dexterity

@: corroded, slow
A: amphibious, slowness 1, strong legs 1, +LOS, large bone plates 1, robust 1
a: Hop, Renounce Religion, Draw Escape, Draw Destruction, Draw Summoning


You were on level 5 of the Dungeon.
You worshipped Nemelex Xobeh.
Nemelex Xobeh was aware of your devotion.
You visited 1 branch of the dungeon, and saw 5 of its levels.

You collected 296 gold pieces.

Inventory:

Hand Weapons
 a - a +0 flail (weapon)
Armour
 b - a +1 scale mail (worn)
 c - a +0 buckler (worn)
Jewellery
 e - a ring of willpower (left hand)
 k - a +6 ring of dexterity (right hand)
Wands
 l - a wand of charming (5)
Scrolls
 f - 5 scrolls of teleportation
 g - 2 scrolls of enchant armour
 h - a scroll of poison {unknown}
Potions
 d - 4 potions of might
 i - 2 potions of heal wounds
 j - 4 potions of curing
 n - a potion of ambrosia


   Skills:
 + Level 4.8 Fighting
 * Level 4.6 Maces & Flails
 + Level 4.8 Armour
 + Level 2.4 Dodging
 + Level 4.3 Shields
 + Level 0.9 Invocations
 + Level 0.8 Evocations


You had 5 spell levels left.
You didn't know any spells.
Your spell library contained the following spells:

 Spells                   Type           Power      Damage    Failure   Level
 Magic Dart               Conj           0%         1d3       83%         1
 Blink                    Tloc           0%         N/A       93%         2
 Call Imp                 Summ           0%         N/A       93%         2
 Lesser Beckoning         Tloc           0%         N/A       93%         2
 Momentum Strike          Conj/Tloc      0%         3d8       93%         2
 Mephitic Cloud           Conj/Pois/Air  0%         N/A       99%         3


Dungeon Overview and Level Annotations

Branches:
Dungeon (5/15)             Temple (0/1) D:5

Altars:
Elyvilon
Nemelex Xobeh
Okawaru
Ru
Uskayaw

Shops:
D:5 [


Innate Abilities, Weirdness & Mutations

You are amphibious.
You cover ground slowly.
You can hop short distances.
You have an extended range of vision and can be seen from far away.
You are partially covered in large bone plates. (SH +4)
You are robust. (+10% HP)


Message History

The jelly hits you but does no damage. The jelly barely misses you.
You hit the jelly.
Your hands burn!
The jelly is heavily wounded.
You block the jelly's attack.
You hit the jelly but do no damage.
Your hands burn!
The jelly is heavily wounded.
You block the jelly's attack.
You hit the jelly.
Your hands burn!
The jelly is severely wounded.
The jelly jiggles.
You block the jelly's attack.
You hit the jelly but do no damage.
Your hands burn!
The jelly is severely wounded.
You block the jelly's attack.
You hit the jelly but do no damage. The acid corrodes you!
Your hands burn!
The jelly is severely wounded.
The jelly hits you.
You are splashed with acid!
The jelly barely misses you.
You are too injured to fight recklessly!
You are too injured to fight recklessly!
You are too injured to fight recklessly!
A jelly is nearby!
A jelly is nearby!
A jelly is nearby!
You are too injured to fight recklessly!
You hit the jelly.
Your hands burn!
The jelly is almost dead.
The jelly barely misses you.
You barely miss the jelly.
The jelly is almost dead.
The jelly hits you. The acid corrodes you!
You are splashed with acid!
* * * LOW HITPOINT WARNING * * *
Unknown command.
You hit the jelly but do no damage.
Your hands burn!
* * * LOW HITPOINT WARNING * * *
The jelly is almost dead.
The jelly hits you.
* * * LOW HITPOINT WARNING * * *
The acid corrodes you!
You are splashed with acid!
You die...
Your body disappears without a glow.

....###.##.<......#
..#.##...#.###.##.#
.##.#......#
#.##.#### .
..##...#.# #.......#
#
#####.##.######.##.#
#.##...........#
#.#####........# #+#
#........#
#...@....#
#...J...## #.......#
#.......# +.......#
####...## #..## #.##
#.#


You could see a jelly.

Vanquished Creatures
  A kobold brigand (D:4)
  2 scorpions
  An iguana (D:4)
  An orc wizard (D:3)
  3 adders
  A shadow imp (D:5)
  A white imp (D:5)
  An ufetubus (D:5)
  2 worms (D:2)
  3 dart slugs
  6 orcs
  7 ball pythons
  10 endoplasms
  5 giant cockroaches
  5 hobgoblins
  4 jackals (D:2)
  4 quokkas
  5 bats
  4 frilled lizards (D:1)
  7 goblins
  9 kobolds
  10 rats
92 creatures vanquished.

Notes
Turn   | Place    | Note
-------+----------+-------------------------------------------
     0 | D:1      | qeuew the Barachi Fighter began the quest for the Orb.
     0 | D:1      | Reached XP level 1. HP: 18/18 MP: 1/1
     6 | D:1      | Noticed a black mamba
     6 | D:1      | Noticed a hound
     7 | D:1      | Noticed a black bear
   211 | D:1      | Reached XP level 2. HP: 25/25 MP: 2/2
   376 | D:1      | Reached XP level 3. HP: 30/30 MP: 3/3
   554 | D:1      | Reached skill level 1 in Dodging
   762 | D:1      | Gained mutation: Your body sometimes deteriorates upon
                  | taking damage. [potion of mutation]
   762 | D:1      | Gained mutation: You are covered in fur. (AC +1) [potion of
                  | mutation]
   763 | D:1      | Lost mutation: You are covered in fur. (AC +1) [potion of
                  | mutation]
   763 | D:1      | Lost mutation: Your body sometimes deteriorates upon taking
                  | damage. [potion of mutation]
   763 | D:1      | Gained mutation: You are partially covered in large bone
                  | plates. (SH +4) [potion of mutation]
   763 | D:1      | Gained mutation: You are robust. (+10% HP) [potion of
                  | mutation]
  1193 | D:2      | Reached XP level 4. HP: 32/40 MP: 4/4
  1473 | D:3      | Found a white marble altar of Elyvilon.
  1477 | D:3      | Noticed a scorpion
  1499 | D:3      | Killed a scorpion
  1500 | D:3      | Reached XP level 5. HP: 23/47 MP: 5/5
  2048 | D:3      | Found an iron altar of Okawaru.
  2343 | D:4      | Found a sparkling altar of Nemelex Xobeh.
  2353 | D:4      | Became a worshipper of Nemelex Xobeh the Trickster
  2528 | D:4      | Reached XP level 6. HP: 38/53 MP: 6/6
  2764 | D:4      | Found a hide-covered altar of Uskayaw.
  2876 | D:4      | Reached * piety under Nemelex Xobeh
  3251 | D:5      | Entered Level 5 of the Dungeon
  3278 | D:5      | Found a sacrificial altar of Ru.
  3315 | D:5      | Found a staircase to the Ecumenical Temple.
  3367 | D:5      | Received a gift from Nemelex Xobeh
  3600 | D:5      | Found Ysomnanwi's Antique Armour Boutique.
  3698 | D:5      | Splashed by a jelly's acid

Illustrated notes

Levels and vault maps discovered:
D:1:      onia_arrival_zoo_common, layout_basic
D:2:      wad_river_or_something, layout_rooms, small_statue_intersection
D:3:      layout_loops_cross, elyvilon_altar_5, okawaru_metal_pillars_1_2,
          kennysheep_minor_cross
D:4:      layout_gridville, overflow_temple_1_default,
          mainiacjoe_overflow_small_starburst, nicolae_nh_ransacked_shop
D:5:      layout_loops_corners, mainiacjoe_overflow_concentric_impassable,
          mainiacjoe_overflow_chevrons, minmay_temple_entry_mini_moons,
          serial_shops, shop

Skill      XL: |  1  2  3  4  5 |
---------------+----------------+-----
Dodging        | 1 2 |  2.4
Fighting       | 4 |  4.8
Maces & Flails | 3 4 |  4.6
Armour         | 4 |  4.8
Shields        | 4 |  4.3
Invocations    | |  0.9
Evocations     | |  0.8

Action                     |  1- 3 |  4- 6 || total
---------------------------+-------+-------++-------
  Melee: Flail             |   152 |   172 ||   324
    Use: Scroll            |     4 |     5 ||     9
         Potion            |     3 |     4 ||     7
 Armour: Scale mail        |    83 |    69 ||   152
  Dodge: Dodged            |    75 |    67 ||   142
  Block: Buckler           |    65 |    89 ||   154

Table legend: (Time is in decaauts)
 A = Elapsed time spent in this place.
 B = Non-inter-level travel time spent in this place.
 C = Inter-level travel time spent in this place.
 D = Time resting spent in this place.
 E = Time spent auto-exploring this place.
 F = Levels seen in this place.
 G = Mean time per level.
                   A        B        C        D        E       F      G
               +--------+--------+--------+--------+--------+-----+--------+
         Total |   4333 |   4235 |     98 |      0 |   3474 |   5 |  866.6 |
       Dungeon |   4333 |   4235 |     98 |      0 |   3474 |   5 |  866.6 |
               +--------+--------+--------+--------+--------+-----+--------+

Top non-repeatable levels by time:
     D:4: 1054 daAuts
     D:3: 1054 daAuts
     D:1: 954 daAuts
     D:2: 751 daAuts
     D:5: 519 daAuts
